 Dungeon Crawl Stone Soup version 0.31-a0-955-gcb8bc90ed4 (webtiles) character file.

Game seed: 10004931151263826161

116 Descartes the Shield-Bearer (level 5, -2/41 HPs)
             Began as a Formicid Fighter on Oct 22, 2023.
             Was a Believer of Cheibriados.
             Splashed by a jelly's acid (5 damage)
             ... on level 2 of the Dungeon.
             The game lasted 00:03:02 (1404 turns).

Descartes the Shield-Bearer (Formicid Fighter)      Turns: 1404, Time: 00:03:03

Health: -2/41      AC:  7    Str: 26    XL:     5   Next: 21%
Magic:  5/5        EV:  6    Int: 14    God:    Cheibriados [**....]
Gold:   41         SH: 10    Dex: 18    Spells: 4/4 levels left

rFire   . . .        a - +0 war axe
rCold   . . .        l - +0 kite shield
rNeg    . . .        i - +0 plate armour
rPois   .            (helmet unavailable)
rElec   .            (no cloak)
rCorr   .            (no gloves)
SInv    +            (no boots)
Will    .....        (no amulet) Stlth
                     (no ring)
HPRegen 0.26/turn    (no ring)
MPRegen 0.09/turn

%: no passive effects
@: corroded, very slow
A: permanent stasis, dig shafts and tunnels, antennae 3, four strong arms
a: Dig, Shaft Self, Renounce Religion, Bend Time


You were on level 2 of the Dungeon.
You worshipped Cheibriados.
Cheibriados was pleased with you.
You visited 1 branch of the dungeon, and saw 2 of its levels.

You collected 41 gold pieces.

Inventory:

Hand Weapons
 a - a +0 war axe (weapon)
 n - a +3 whip of freezing
Armour
 b - a +0 scale mail
 c - a +0 buckler
 i - a +0 plate armour (worn)
 l - a +0 kite shield (worn)
Wands
 j - a wand of polymorph (5)
 m - a wand of charming (12)
Scrolls
 f - a scroll of torment {unknown}
 g - 3 scrolls of identify {unknown}
 h - a scroll of blinking {unknown}
 k - a scroll of noise {unknown}
Potions
 d - a potion of might
 e - 5 potions of curing {unknown}


   Skills:
 - Level 3.2 Fighting
 + Level 2.7 Axes
 + Level 3.8 Armour
 + Level 5.8 Shields
 + Level 1.3 Translocations


You had 4 spell levels left.
You didn't know any spells.
Your spell library contained the following spells:

 Spells                   Type           Power      Damage    Failure   Level
 Dazzling Flash           Conj/Hex       0%         N/A       100%        3
 Gell's Gravitas          Tloc           3%         N/A       100%        3
 Teleport Other           Tloc           3%         N/A       100%        3
 Volatile Blastmotes      Fire/Tloc      2%         2d10      100%        3
 Dispersal                Tloc           1%         N/A       100%        6
 Starburst                Conj/Fire      0%         6d3       100%        6
 Maxwell's Capacitive Co  Air            0%         ∞         100%        8


Dungeon Overview and Level Annotations

Branches:
Dungeon (2/15)

Altars:
Cheibriados
Nemelex Xobeh


Innate Abilities, Weirdness & Mutations

You cannot be hasted, slowed, berserked, paralysed or teleported.
You can dig through walls and to a lower floor.
You have a pair of large antennae on your head. (SInv)
Your four strong arms can wield two-handed weapons with a shield.


Message History

You are too injured to fight recklessly!
You are too injured to fight recklessly!
You are too injured to fight recklessly!
You are too injured to fight recklessly!
You are too injured to fight recklessly!
You are too injured to fight recklessly!
You are too injured to fight recklessly!
You are too injured to fight recklessly!
You are too injured to fight recklessly!
You are too injured to fight recklessly!
You are too injured to fight recklessly!
You are too injured to fight recklessly!
You are too injured to fight recklessly!
You are too injured to fight recklessly!
You are too injured to fight recklessly!
You are too injured to fight recklessly!
You are too injured to fight recklessly!
You are too injured to fight recklessly!
You are too injured to fight recklessly!
You are too injured to fight recklessly!
You are too injured to fight recklessly!
You are too injured to fight recklessly!
You are too injured to fight recklessly!
You are too injured to fight recklessly!
Unknown command.
You hit the jelly.
Your hands burn!
The jelly is heavily wounded.
The jelly closely misses you.
Unknown command.
You hit the jelly.
Your hands burn!
The jelly is severely wounded.
You block the jelly's attack. The jelly hits you.
You are splashed with acid!
* * * LOW HITPOINT WARNING * * *
You hit the jelly but do no damage.
Your hands burn!
* * * LOW HITPOINT WARNING * * *
The jelly is severely wounded.
The jelly hits you.
* * * LOW HITPOINT WARNING * * *
You are splashed with acid.
You die...

##########
#.....#
#.P.P.P.P/
#.....#
#..J.÷..P.
#[....#
#.P.J.PJ..
#.#####
#...P{..P.
#.#
#..{.JP÷..
#.#
#JJ{{..{PJ
#.# #J#######
#.#
##@.)...###.#
########.##.#
#....'..###.#
#....######.#
#..)....##..#
#%......##.##
#.......##.#
#.......##.##
##.....###..#


You could see a jelly and 2 endoplasms.

Vanquished Creatures
  A jelly (D:2)
  An adder (D:2)
  3 gnolls (D:2)
  2 worms (D:2)
  A dart slug (D:1)
  A bat (D:2)
  6 endoplasms
  2 giant cockroaches
  2 goblins
  A hobgoblin (D:1)
  2 quokkas
  4 ball pythons
  3 frilled lizards
  12 kobolds
  2 rats (D:2)
43 creatures vanquished.

Notes
Turn   | Place    | Note
-------+----------+-------------------------------------------
     0 | D:1      | Descartes the Formicid Fighter began the quest for the Orb.
     0 | D:1      | Reached XP level 1. HP: 18/18 MP: 1/1
   190 | D:1      | Reached XP level 2. HP: 24/24 MP: 2/2
   442 | D:1      | Reached skill level 5 in Shields
   662 | D:1      | Found a faded altar of an unknown god.
   666 | D:1      | Prayed at the altar of an unknown god.
   666 | D:1      | Became a worshipper of Cheibriados the Contemplative
   666 | D:1      | Reached * piety under Cheibriados
   754 | D:2      | Reached XP level 3. HP: 29/29 MP: 3/3
   996 | D:2      | Reached XP level 4. HP: 12/35 MP: 4/4
  1021 | D:2      | Reached ** piety under Cheibriados
  1210 | D:2      | Found a sparkling altar of Nemelex Xobeh.
  1220 | D:2      | Reached skill level 1 in Translocations
  1399 | D:2      | Reached XP level 5. HP: 33/41 MP: 5/5
  1404 | D:2      | Splashed by a jelly's acid

Illustrated notes

Levels and vault maps discovered:
D:1:      dpeg_arrival_shelter, layout_loops_ring,
          hellmonk_ecumenical_altar_leap_of_faith
D:2:      cheibrodos_fertilizer, layout_basic, basic_altar,
          hangedman_abyss_or_decor_lesser_grid

Skill      XL: |  1  2  3  4 |
---------------+-------------+-----
Shields        | 5 |  5.8
Translocations | 1 |  1.3
Fighting       | |  3.2
Axes           | |  2.7
Armour         | |  3.8

Action                     |  1- 3 |  4- 6 || total
---------------------------+-------+-------++-------
  Melee: War axe           |    71 |    40 ||   111
 Armour: Scale mail        |    74 |    20 ||    94
         Plate armour      |       |    24 ||    24
  Dodge: Dodged            |    40 |    13 ||    53
  Block: Buckler           |    23 |    12 ||    35
         Kite shield       |       |    14 ||    14

Table legend: (Time is in decaauts)
 A = Elapsed time spent in this place.
 B = Non-inter-level travel time spent in this place.
 C = Inter-level travel time spent in this place.
 D = Time resting spent in this place.
 E = Time spent auto-exploring this place.
 F = Levels seen in this place.
 G = Mean time per level.
                   A        B        C        D        E       F      G
               +--------+--------+--------+--------+--------+-----+--------+
         Total |   1595 |   1585 |     10 |      0 |   1185 |   2 |  797.5 |
       Dungeon |   1595 |   1585 |     10 |      0 |   1185 |   2 |  797.5 |
               +--------+--------+--------+--------+--------+-----+--------+

Top non-repeatable levels by time:
     D:2: 865 daAuts
     D:1: 729 daAuts
